Map: [ESL] Radhuset Station

Players

LiquidElazer (Elazer)

  • Race: Zerg Zerg
  • Spawn Location: 1:00

Serral - Winner!

  • Race: Zerg Zerg
  • Spawn Location: 7:00

Event: HomeStory Cup XXIV

VOD

Have the link to the VOD?

Description

Time

  • Played on: Dec. 1, 2023, 10:20 a.m.
  • Length: 18:51

All games in this series

Show
View Real Time Build Order
Export as new Build Order

LiquidElazer Zerg 

Build Orders: 3 Hatch before Pool, Lurkers 

Get SALT Encoding   

  12  0:00  Drone  
  13  0:12  Overlord  
  13  0:17  Drone  
  14  0:30  Drone x2  
  16  0:48  Hatchery  
  15  0:51  Drone  
  15  0:55  Drone  
  17  1:00  Drone  
  18  1:06  Drone  
  19  1:24  Hatchery  
  18  1:26  Drone  
  18  1:30  Extractor  
  18  1:40  Spawning Pool  
  18  1:43  Drone  
  18  1:46  Drone  
  19  1:49  Drone  
  20  2:00  Drone x2  
  22  2:11  Drone x2  
  24  2:24  Overlord  
  24  2:27  Queen x2  
  28  2:36  Drone x3  
  31  2:38  Drone  
  32  2:44  Metabolic Boost  
  32  2:45  Drone  
  32  2:48  Drone  
  34  2:54  Drone  
  34  2:55  Drone  
  34  2:56  Drone  
  36  3:01  Drone  
  36  3:08  Queen  
  36  3:09  Zergling x2  
  36  3:12  Overlord  
  39  3:13  Drone  
  39  3:15  Drone  
  39  3:17  Drone  
  42  3:25  Baneling Nest  
  42  3:27  Drone  
  42  3:30  Overlord  
  42  3:31  Drone x2  
  44  3:36  Drone  
  44  3:39  Zergling x8  
  50  3:41  Drone  
  50  3:48  Overlord  
  50  3:50  Zergling x6  
  50  3:54  Drone x2  
  55  3:57  Lair  
  55  4:03  Drone x3  
  55  4:07  Drone  
  55  4:09  Drone x5  
  64  4:13  Drone x2  
  64  4:16  Overlord  
  66  4:18  Extractor x2  
  66  4:20  Extractor  
  66  4:22  Drone x2, Roach Warren  
  66  4:24  Drone x2  
  66  4:26  Drone  
  64  4:31  Overlord  
  64  4:35  Drone x2  
  64  4:37  Pneumatized Carapace, Evolution Chamber  
  65  4:39  Drone x3  
  65  4:43  Drone x4  
  72  4:47  Overlord  
  72  4:54  Extractor, Drone x4  
  72  4:55  Drone  
  72  4:57  Drone  
  77  5:00  Overseer  
  77  5:03  Glial Reconstitution  
  77  5:04  Zerg Missile Weapons Level 1  
  77  5:07  Extractor  
  77  5:09  Roach  
  77  5:12  Roach x2  
  77  5:13  Hatchery  
  77  5:14  Roach  
  83  5:19  Roach x3  
  89  5:23  Overlord x2  
  89  5:28  Overlord  
  89  5:33  Overlord x2  
  89  5:40  Overlord  
  89  5:42  Roach x7  
  103  5:44  Overlord  
  103  5:46  Roach  
  103  5:49  Roach x2  
  109  5:54  Roach x2  
  109  5:56  Overlord  
  113  5:59  Roach x3  
  119  6:06  Roach x2  
  119  6:07  Roach  
  119  6:11  Roach x4, Overlord  
  125  6:13  Roach  
  125  6:15  Roach x5  
  137  6:25  Roach x3  
  143  6:26  Ravager x4  
  139  6:34  Roach x6  
  139  6:37  Ravager x2  
  153  6:41  Ravager  
  153  6:46  Roach x4  
  160  6:51  Roach x3  
  156  6:54  Evolution Chamber  
  156  6:56  Tunneling Claws  
  156  6:57  Burrow  
  156  6:58  Overlord  
  156  6:59  Overlord x2  
  155  7:03  Zerg Missile Weapons Level 2  
  155  7:10  Drone x4  
  159  7:16  Queen, Overlord x2  
  159  7:20  Roach  
  163  7:25  Roach x8  
  179  7:32  Roach x2  
  179  7:34  Extractor, Overlord x2  
  182  7:39  Roach x3  
  188  7:47  Zerg Ground Armor Level 1  
  188  7:48  Roach x4  
  188  7:50  Ravager  
  197  7:56  Roach  
  199  8:03  Overseer, Infestation Pit  
  198  8:18  Roach  
  198  8:19  Roach x5  
  190  8:22  Roach x6  
  190  8:23  Roach  
  194  8:27  Roach x2  
  194  8:28  Ravager  
  197  8:41  Hive  
  189  8:56  Roach x6  
  189  8:58  Roach x2  
  189  8:59  Roach x3  
  186  9:06  Roach  
  186  9:07  Roach x10  
  186  9:08  Roach x16  
  190  9:12  Roach  
  190  9:16  Roach x5  
  198  9:21  Ravager  
  199  9:27  Hydralisk Den  
  185  9:36  Queen  
  185  9:38  Roach x14  
  176  9:40  Roach x30  
  176  9:41  Roach x13  
  196  9:48  Roach x3  
  196  9:49  Roach  
  192  10:02  Roach x6  
  192  10:05  Overseer  
  200  10:07  Zerg Missile Weapons Level 3, Zerg Ground Armor Level 2  
  194  10:22  Hydralisk x3  
  194  10:24  Grooved Spines  
  196  10:34  Hydralisk x2  
  200  10:36  Roach x19  
  200  10:39  Lurker Den  
  200  10:41  Extractor  
  196  10:50  Hatchery  
  187  11:06  Hydralisk x6  
  195  11:17  Muscular Augments  
  195  11:19  Roach  
  195  11:20  Roach x2  
  187  11:43  Hydralisk x7  
  187  11:45  Seismic Spines  
  197  11:50  Spine Crawler  
  196  12:06  Overseer, Overlord x2  
  196  12:22  Drone x8  
  200  12:28  Overseer  
  195  12:31  Drone  
  195  12:32  Drone x5  
  200  12:37  Zerg Ground Armor Level 3  
  200  12:42  Adaptive Talons  
  198  12:44  Lurker  
  198  12:45  Lurker  
  198  13:04  Roach x10  
  190  13:07  Hydralisk x3  
  190  13:09  Lurker x6  
  195  13:40  Roach x18  
  180  13:56  Hydralisk x7  
  168  14:10  Hydralisk x10, Roach x2  
  168  14:11  Roach x2  
  168  14:13  Roach  
  168  14:14  Roach x5  
  190  14:21  Roach x13  
  194  14:28  Hydralisk x3  
  182  14:43  Viper x4  
  192  14:50  Roach x7  
  190  14:56  Lurker  
  190  14:57  Lurker x3  
  192  15:08  Extractor  
  192  15:09  Extractor  
  183  15:21  Drone x3  
  183  15:22  Drone x3  
  183  15:24  Roach x5  
  188  15:31  Viper x4  
  188  15:33  Hatchery  
  199  15:37  Overseer x2  
  197  15:55  Hydralisk x2  
  197  15:58  Overseer  
  197  15:59  Overseer x3  
  197  16:03  Overlord  
  193  16:07  Hydralisk x2  
  193  16:09  Overlord x2  
  197  16:15  Spine Crawler x2  
  197  16:17  Spine Crawler  
  191  16:18  Spine Crawler  
  191  16:19  Spine Crawler  
  189  16:46  Hydralisk x15  
  167  16:54  Hydralisk x2  
  181  17:02  Lurker x5  
  181  17:04  Hydralisk x3  
  180  17:10  Drone x2  
  180  17:11  Drone  
  180  17:13  Drone x2  
  170  17:31  Hydralisk x6  
  180  17:52  Hatchery  
  161  18:01  Viper x3  
Show
View Real Time Build Order
Export as new Build Order

Serral Zerg - Winner!

Build Orders: Hatch First, Lurkers 

Get SALT Encoding   

  12  0:00  Drone  
  13  0:07  Drone  
  13  0:13  Extractor  
  13  0:14  Drone  
  15  0:37  Hatchery  
  15  0:42  Extractor, Drone  
  14  0:49  Overlord  
  15  1:04  Spawning Pool  
  15  1:07  Drone  
  16  1:11  Drone  
  16  1:15  Drone  
  17  1:18  Drone  
  18  1:29  Drone  
  20  1:40  Drone  
  20  1:51  Queen x2  
  20  1:52  Zergling x2  
  20  1:53  Drone  
  26  2:01  Overlord  
  26  2:02  Drone  
  27  2:10  Drone  
  28  2:20  Hatchery  
  28  2:22  Drone  
  28  2:26  Drone  
  28  2:28  Drone  
  30  2:32  Drone  
  30  2:34  Overlord  
  31  2:41  Queen  
  31  2:44  Drone  
  34  2:47  Extractor, Drone  
  34  2:53  Drone  
  34  2:56  Drone  
  36  2:59  Drone x3  
  36  3:02  Drone x2  
  41  3:05  Drone  
  41  3:10  Overlord  
  41  3:14  Queen  
  43  3:22  Overlord  
  43  3:30  Drone x6  
  43  3:31  Drone  
  43  3:32  Drone  
  43  3:33  Drone  
  52  3:34  Drone  
  52  3:36  Drone  
  52  3:41  Overlord  
  54  3:43  Drone  
  54  3:45  Drone  
  56  3:50  Drone  
  57  3:56  Extractor x2, Lair  
  57  3:57  Drone x2  
  57  3:59  Evolution Chamber  
  56  4:03  Drone x5  
  56  4:04  Drone  
  62  4:10  Roach Warren, Evolution Chamber  
  62  4:14  Drone x3  
  63  4:23  Drone x4, Overlord  
  67  4:27  Drone  
  67  4:28  Queen  
  70  4:32  Drone x2  
  70  4:36  Overlord  
  70  4:38  Overlord  
  70  4:39  Extractor x2  
  70  4:40  Overlord  
  70  4:41  Zerg Missile Weapons Level 1  
  70  4:44  Drone x3  
  70  4:45  Overlord  
  71  4:50  Zerg Ground Armor Level 1  
  71  4:56  Glial Reconstitution  
  71  4:59  Drone  
  72  5:01  Roach  
  72  5:02  Roach  
  72  5:04  Overlord x2  
  76  5:08  Roach x2  
  76  5:09  Roach  
  76  5:10  Roach  
  84  5:14  Roach x2  
  84  5:18  Roach x2  
  84  5:20  Roach  
  94  5:23  Overseer  
  98  5:31  Roach x4  
  102  5:35  Drone  
  102  5:40  Drone x3  
  102  5:41  Hatchery  
  105  5:44  Extractor, Roach x5  
  105  5:49  Overlord  
  114  5:50  Roach  
  114  5:53  Roach x3  
  122  5:57  Overlord  
  122  5:58  Overlord  
  122  6:08  Ravager x3  
  122  6:09  Roach x2  
  122  6:10  Roach, Overlord  
  131  6:14  Roach  
  131  6:16  Roach  
  135  6:20  Roach x2  
  136  6:26  Roach  
  136  6:27  Roach x3  
  137  6:37  Drone  
  137  6:38  Drone x2  
  140  6:44  Roach x4  
  140  6:46  Overseer  
  148  6:48  Roach x3  
  154  6:54  Queen  
  154  6:55  Pneumatized Carapace  
  154  7:00  Overlord x2  
  154  7:01  Roach, Overlord  
  156  7:02  Roach x3  
  164  7:09  Drone x2  
  164  7:10  Zerg Missile Weapons Level 2  
  164  7:12  Drone  
  164  7:14  Overlord x2  
  167  7:15  Overlord  
  167  7:18  Overseer  
  167  7:23  Spore Crawler x2  
  167  7:24  Drone x3  
  167  7:26  Drone x4  
  167  7:27  Drone  
  167  7:28  Ravager  
  174  7:32  Drone x3  
  174  7:34  Overseer  
  174  7:35  Roach  
  174  7:36  Roach  
  181  7:38  Overseer  
  181  7:39  Roach x3  
  181  7:40  Extractor  
  181  7:43  Extractor  
  185  7:47  Roach x3  
  185  7:51  Infestation Pit  
  190  7:52  Drone, Hydralisk Den  
  190  7:55  Roach  
  190  7:56  Roach x3  
  198  7:59  Roach  
  198  8:04  Spore Crawler  
  199  8:09  Zerg Ground Armor Level 2  
  179  8:21  Roach x12  
  194  8:28  Overseer  
  194  8:31  Hive  
  194  8:33  Roach x2  
  198  8:38  Ravager  
  198  8:40  Queen  
  199  8:43  Spore Crawler  
  199  8:47  Drone x2  
  192  8:57  Roach  
  192  8:58  Roach x7  
  197  9:07  Roach x5  
  199  9:12  Queen x2  
  199  9:16  Burrow  
  190  9:34  Roach x8  
  190  9:36  Hatchery  
  191  9:41  Roach x7  
  191  9:44  Grooved Spines  
  189  9:59  Zerg Missile Weapons Level 3  
  189  10:00  Roach x5  
  189  10:02  Overseer  
  189  10:06  Drone  
  200  10:07  Lurker Den  
  200  10:11  Overseer  
  199  10:14  Tunneling Claws  
  181  10:22  Roach x9  
  181  10:23  Roach x28, Ravager  
  200  10:30  Zerg Ground Armor Level 3  
  200  10:34  Muscular Augments  
  200  11:03  Hydralisk x2  
  196  11:12  Hydralisk  
  196  11:13  Hydralisk  
  196  11:26  Hydralisk x3  
  194  11:35  Roach x4  
  194  11:36  Hydralisk  
  194  11:37  Hydralisk x4  
  192  11:41  Overlord x2  
  192  11:43  Seismic Spines  
  192  11:49  Overlord  
  190  11:54  Roach x4  
  190  11:55  Overlord  
  190  12:00  Overlord  
  190  12:03  Lurker  
  190  12:04  Hydralisk x2  
  190  12:05  Lurker  
  190  12:07  Overlord  
  190  12:10  Overlord  
  190  12:12  Spore Crawler  
  189  12:21  Lurker x4, Overseer  
  193  12:25  Extractor  
  193  12:26  Overlord  
  193  12:27  Extractor, Overlord  
  189  12:36  Drone x5  
  190  12:39  Drone x2  
  190  12:40  Adaptive Talons, Spine Crawler  
  190  12:41  Spine Crawler  
  190  12:42  Overlord x3  
  190  12:44  Spore Crawler, Spine Crawler  
  183  12:46  Viper x3, Spine Crawler  
  190  12:58  Roach x2  
  187  12:59  Viper x5  
  187  13:05  Hydralisk x5  
  190  13:09  Overseer  
  196  13:35  Overseer x2  
  196  13:44  Hydralisk x2  
  200  13:54  Hydralisk x8  
  200  13:55  Roach x5  
  199  14:01  Hydralisk x2  
  199  14:05  Overlord x3  
  199  14:06  Drone x10  
  199  14:07  Overlord  
  199  14:08  Overlord  
  189  14:10  Hydralisk x2  
  189  14:15  Hydralisk x7  
  184  14:25  Drone x9  
  184  14:29  Lurker x6  
  190  14:42  Drone x2  
  190  14:43  Hydralisk x8  
  198  14:55  Extractor  
  198  14:58  Spore Crawler x2  
  198  14:59  Lurker x3  
  198  15:03  Overseer x2  
  198  15:08  Hydralisk  
  200  15:44  Spore Crawler  
  200  15:49  Drone x3  
  200  15:51  Hatchery  
  200  15:53  Drone, Spine Crawler x3  
  200  15:54  Drone x2  
  196  15:57  Drone x3  
  196  16:02  Lurker x3  
  200  16:20  Hatchery  
  199  16:37  Overlord x3  
  179  16:49  Hydralisk x8  
  176  16:54  Overlord x2  
  176  16:55  Overlord x2  
  176  16:58  Hydralisk x11  
  176  17:00  Hatchery  
  195  17:19  Hydralisk x2  
  199  17:25  Lurker x4  
  199  17:29  Overseer  
  197  17:38  Hydralisk  
  197  17:41  Overseer  
  199  17:44  Overlord  
  196  17:51  Drone x2  
  198  18:04  Hydralisk x3  
  199  18:22  Hatchery  
Tags
 
Add a new tag
Caveats
  • Supply blocks, unpowered buildings, or Contaminate may cause inaccurate times.
  • Supply counts are checked every 10 seconds.